 Dungeon Crawl Stone Soup version 0.31-a0-232-gb1c03b2570 (webtiles) character file.

Game seed: 8221582054855213118

82 qw the Shooter (level 4, -1/26 HPs)
             Began as a Gargoyle Hexslinger on July 6, 2023.
             Slain by Sigmund
             ... wielding a +0 scythe
              (9 damage)
             ... on level 3 of the Dungeon.
             The game lasted 00:00:29 (1382 turns).

qw the Shooter (Gargoyle Hexslinger)                Turns: 1382, Time: 00:00:30

Health: -1/26      AC:  5    Str: 12    XL:     4   Next: 43%
Magic:  5/5        EV: 12    Int: 13    God:
Gold:   87         SH:  0    Dex: 14    Spells: 4/5 levels left

rFire   . . .        Y - +1 sling (chaos)
rCold   . . .        (no shield)
rNeg    + . .        c - +0 robe
rPois   inf          (no helmet)
rElec   +            (no cloak)
rCorr   .            (no gloves)
SInv    .            (no boots)
Will    .....        (no amulet)
Stlth   +            (no ring)
HPRegen 0.24/turn    (no ring)
MPRegen 0.09/turn

%: no passive effects
@: no status effects
A: sickness immunity, AC +3, negative energy resistance 1, electricity
resistance, torment resistance 1, petrification resistance
a: no special abilities


You were on level 3 of the Dungeon.
You visited 1 branch of the dungeon, and saw 3 of its levels.

You collected 87 gold pieces.


Innate Abilities, Weirdness & Mutations

You are immune to sickness and miasma.
Your stone body is resilient. (AC +3)
You are immune to poison.
You resist negative energy. (rN+)
You are resistant to electric shocks. (rElec)
You are resistant to unholy torment.
You are immune to petrification.


   Skills:
 - Level 2.1 Fighting
 + Level 4.1 Ranged Weapons
 - Level 1.5 Dodging
 - Level 1.0 Spellcasting
 - Level 2.6 Hexes


You had 4 spell levels left.
You knew the following spells:

 Your Spells              Type           Power      Damage    Failure   Level
a - Slow                  Hex            28%        N/A       10%         1

Your spell library contained the following spells:

 Spells                   Type           Power      Damage    Failure   Level
 Inner Flame              Hex/Fire       4%         N/A       43%         3
 Portal Projectile        Hex/Tloc       8%         N/A       43%         3
 Cause Fear               Hex            3%         N/A       67%         4

Inventory:

Hand Weapons
 Y - a +1 sling of chaos (weapon)
Armour
 c - a +0 robe (worn)
Scrolls
 a - a scroll of immolation {unknown}
 b - 2 scrolls of identify

Dungeon Overview and Level Annotations

Branches:
Dungeon (3/15)

Altars:
Dithmenos
Fedhas

Shops:
D:1 =   D:2 ?

Annotations:
D:3 Sigmund


Message History

The endoplasm is heavily wounded.
You shoot a sling bullet.
The sling bullet barely misses the endoplasm.
You shoot a sling bullet. The sling bullet hits the endoplasm!
You kill the endoplasm!
b - 2 scrolls of identify (gained 1) Sigmund the Dreaded comes into view.
He is wielding a +0 scythe.
Sigmund shouts!
Sigmund mumbles some strange words.
Sigmund flickers and vanishes!
Deactivating autopickup; reactivate with Ctrl-A.
Enter note: You shoot a sling bullet.
You shoot a sling bullet. You shoot a sling bullet. You shoot a sling bullet.
A magic dart appears from out of thin air!
The magic dart hits you.
You shoot a sling bullet. You shoot a sling bullet. Something hits you.
You shoot a sling bullet.
You hear some strange, mumbled words.
Something tries to affect you, but you resist.
You shoot a sling bullet.
You hear some strange, mumbled words.
You are confused.
You shoot a sling bullet. Something hits you.
You shoot a sling bullet. Something hits you.
You shoot a sling bullet. Something hits you.
You shoot a sling bullet. Something hits you.
You shoot a sling bullet.
You feel less confused.
You shoot a sling bullet. Something hits you!
You die...

...#...#...#....#
.#...#...#...#..#
..#...#...#....#
..#...#...#..##
..#...#.....#
..#.......#
#...#...#.#
##.#####.# # #@#
#.# #{# #.# #.#
#.# ..# ...


There were no monsters in sight!

Vanquished Creatures
  4 adders
  A dart slug (D:1)
  A worm (D:2)
  4 bats
  5 endoplasms
  2 giant cockroaches
  4 goblins (D:2)
  5 hobgoblins
  6 jackals (D:2)
  2 ball pythons
  2 frilled lizards
  2 kobolds (D:1)
  2 rats (D:1)
40 creatures vanquished.

Notes
Turn   | Place    | Note
-------+----------+-------------------------------------------
     0 | D:1      | qw the Gargoyle Hexslinger began the quest for the Orb.
     0 | D:1      | Reached XP level 1. HP: 12/12 MP: 2/2
     0 | D:1      | 0 ||| qw: Version: 0.3-a-46-gb1f654a
     0 | D:1      | 0 ||| qw: Game counter: 1998
     0 | D:1      | 0 ||| qw: Melee chars always use a shield: true
     0 | D:1      | 0 ||| qw: God list: Okawaru
     0 | D:1      | 0 ||| qw: Allow faded altars: false
     0 | D:1      | 0 ||| qw: Do Orc after clearing Dungeon:15 true
     0 | D:1      | 0 ||| qw: Do second Lair branch before Depths: true
     0 | D:1      | 0 ||| qw: Lair rune preference: random
     0 | D:1      | 0 ||| qw: Goals: Normal
     0 | D:1      | 0 ||| PLANNING D:1-11
   185 | D:1      | Found Edep Ali's Jewellery Shop.
   187 | D:1      | Reached XP level 2. HP: 16/16 MP: 3/3
   194 | D:1      | 194 ||| SHOPLISTING +4 ring of protection (468 gold, have
                  | 16).
   194 | D:1      | 194 ||| SHOPLISTING +6 ring of strength (468 gold, have
                  | 16).
   194 | D:1      | 194 ||| SHOPLISTING amulet of reflection (390 gold, have
                  | 16).
   194 | D:1      | 194 ||| SHOPLISTING amulet of the acrobat (390 gold, have
                  | 16).
   194 | D:1      | 194 ||| SHOPLISTING ring "Mifase" {Drain Fly rElec rPois
                  | Will+} (464 gold, have 16).
   194 | D:1      | 194 ||| SHOPLISTING ring of fire (325 gold, have 16).
   194 | D:1      | 194 ||| SHOPLISTING ring of protection from cold (325 gold,
                  | have 16).
   194 | D:1      | 194 ||| SHOPLISTING ring of protection from fire (325 gold,
                  | have 16).
   194 | D:1      | 194 ||| SHOPLISTING ring of willpower (325 gold, have 16).
   719 | D:1      | Reached skill level 3 in Ranged Weapons
   739 | D:1      | 739 ||| READING scroll labelled SATIJ PISOST.
   740 | D:1      | 740 ||| READING scroll labelled OMMYEC QIFO.
   741 | D:1      | 741 ||| DROPPING scroll of poison.
   800 | D:2      | Reached XP level 3. HP: 21/21 MP: 4/4
   898 | D:2      | Found Quotz's Magic Scroll Shop.
   904 | D:2      | 904 ||| SHOPLISTING scroll of enchant weapon (97 gold, have
                  | 47).
  1092 | D:2      | Reached XP level 4. HP: 23/26 MP: 5/5
  1228 | D:2      | 1228 ||| DROPPING amulet of magic regeneration.
  1229 | D:2      | 1229 ||| READING 2 scrolls labelled SAECAW DAGEFA.
  1259 | D:3      | Found a shadowy altar of Dithmenos.
  1259 | D:3      | Found a blossoming altar of Fedhas.
  1292 | D:3      | Reached skill level 4 in Ranged Weapons
  1368 | D:3      | Noticed Sigmund
  1382 | D:3      | Slain by Sigmund

Levels and vault maps discovered:
D:1:      lemuel_arrival_behind_the_door_small, layout_basic, serial_shops,
          nicolae_shop_gaudy_bauble
D:2:      layout_rooms, serial_shops, nicolae_shop_pleasant_corner_grove,
          st_stairs_3
D:3:      layout_basic, chequers_temple_overflow_statue_of_worship,
          shapermc_ecumenical_altar_mp_highgroup, grunt_decor_cap, hex_medium,
          uniq_sigmund, uniq_grinder

Skill      XL: |  1  2  3  4 |
---------------+-------------+-----
Ranged Weapons | 3 4 |  4.1
Fighting       | 2 |  2.1
Dodging        | |  1.5
Spellcasting   | |  1.0
Hexes          | |  2.6

Action                     |  1- 3 |  4- 6 || total
---------------------------+-------+-------++-------
   Fire: Sling             |    72 |    52 ||   124
    Use: Scroll            |     2 |     1 ||     3
 Armour: Robe              |     7 |     2 ||     9
  Dodge: Dodged            |    25 |     5 ||    30

Table legend:
 A = Non-vault XP
 B = Vault XP
 C = Vault XP percentage of total XP
 D = Non-vault monster count
 E = Vault monster count
 F = Vault count percentage of total count
                 A         B        C        D         E       F
            +---------+---------+-------+---------+---------+-------
      Total |     112 |       6 |   5.1 |      37 |       3 |   7.5
            +---------+---------+-------+---------+---------+-------
        D:1 |      19 |       0 |   0.0 |      12 |       0 |   0.0
        D:2 |      71 |       6 |   7.8 |      19 |       3 |  13.6
        D:3 |      22 |       0 |   0.0 |       6 |       0 |   0.0
            +---------+---------+-------+---------+---------+-------
